 Dungeon Crawl Stone Soup version 0.24-b1-1-gac51ba0 (webtiles) character file.

Game seed: 13305774325821781762, levelgen mode: deterministic

81 Firecrotchwizard the Chopper (level 4, -1/41 HPs)
             Began as a Hill Orc Monk on Oct 14, 2019.
             Slain by an adder (4 damage)
             ... on level 3 of the Dungeon.
             The game lasted 00:03:59 (2820 turns).

Firecrotchwizard the Chopper (Hill Orc Monk)        Turns: 2820, Time: 00:04:00

Health: -1/41      AC:  3    Str: 14    XL:     4   Next: 40%
Magic:  4/4        EV: 12    Int: 10    God:
Gold:   45         SH:  0    Dex: 13    Spells: 3/3 levels left

rFire    . . .     SeeInvis .   a - +0 hand axe
rCold    . . .     Gourm    .   (no shield)
rNeg     . . .     Faith    .   m - +0 leather armour
rPois    .         Spirit   .   (no helmet)
rElec    .         Reflect  .   (no cloak)
rCorr    .         Harm     .   (no gloves)
MR       .....                  (no boots)
Stlth    ++........             (no amulet)
HPRegen  0.13/turn              (no ring)
MPRegen  0.09/turn              (no ring)

@: lethally poisoned (-1 -> -5)
A: no striking features
a: no special abilities


You were on level 3 of the Dungeon.
You were not hungry.

You visited 1 branch of the dungeon, and saw 3 of its levels.

You collected 45 gold pieces.

Inventory:

Hand Weapons
 a - a +0 hand axe (weapon)
Missiles
 g - 10 boomerangs
Armour
 b - a +0 robe
 m - a +0 leather armour (worn)
   (You took it off an orc on level 3 of the Dungeon)
Scrolls
 e - a scroll of identify
 f - 2 scrolls of remove curse {unknown}
 j - a scroll of blinking {unknown}
Potions
 d - a potion of might {unknown}
 h - a potion of lignification {unknown}
 i - 2 potions of curing
 k - a potion of resistance {unknown}
 l - a potion of haste {unknown}
Comestibles
 c - 5 rations


   Skills:
 + Level 4.3 Fighting
 * Level 5.5 Axes
 + Level 1.9 Armour
 - Level 2.4 Dodging
 - Level 1.5 Stealth


You had 3 spell levels left.
You didn't know any spells.
Your spell library was empty.

Dungeon Overview and Level Annotations

Branches:
Dungeon (3/15)

Altars:


Message History

Something hits the bush.
Something hits the bush but does no damage.
The hobgoblin hits the plant but does no damage.
The hobgoblin hits the bush but does no damage.
The hobgoblin hits the bush but does no damage.
Something hits the bush.
The hobgoblin hits you but does no damage.
You hit the hobgoblin. The hobgoblin closely misses you.
You barely miss the hobgoblin. The hobgoblin hits you with a +0 club.
You take 2 damage, and have 38/40 hp.
You hit the hobgoblin. The hobgoblin barely misses you.
You barely miss the hobgoblin.
The hobgoblin hits you but does no damage.
You closely miss the hobgoblin.
The hobgoblin hits you but does no damage.
You closely miss the hobgoblin. The hobgoblin hits you with a +0 club.
You take 2 damage, and have 36/40 hp.
You hit the hobgoblin.
You kill the hobgoblin!
No target in view!
You now have 45 gold pieces (gained 14).
You see here a +0 club.
A worm comes into view.
Health restored: 40 A worm is nearby!
A giant cockroach comes into view.
The helpless worm fails to defend itself.
You hit the worm. You hit the plant. The worm bites you!
You take 11 damage, and have 29/40 hp.
MASSIVE DAMAGE!!
You are too injured to fight recklessly!
You are too injured to fight recklessly!
You barely miss the worm. You hit the plant but do no damage.
The worm closely misses you.
You hit the worm. You completely miss the plant. You barely miss the worm.
You hit the giant cockroach but do no damage.
You hit the plant but do no damage. The giant cockroach bites you.
The worm bites you.
You take 5 damage, and have 24/40 hp.
You hit the worm. You barely miss the giant cockroach.
You hit the plant but do no damage.
The giant cockroach bites you but does no damage.
You hit the worm but do no damage.
You hit the giant cockroach but do no damage.
You hit the plant but do no damage. The giant cockroach bites you.
The worm bites you. The giant cockroach barely misses you.
You take 3 damage, and have 21/40 hp.
You hit the worm.
You hit the giant cockroach but do no damage.
You hit the plant but do no damage.
The giant cockroach bites you but does no damage.
The worm misses you.
You barely miss the worm.
You hit the giant cockroach but do no damage.
You hit the plant but do no damage.
The giant cockroach bites you but does no damage.
You barely miss the worm. You closely miss the giant cockroach.
You hit the plant but do no damage.
The giant cockroach completely misses you.
The worm bites you.
You take 2 damage, and have 19/40 hp.
You hit the worm. You barely miss the giant cockroach.
You hit the plant but do no damage.
The giant cockroach bites you but does no damage.
You hit the worm.
You hit the giant cockroach but do no damage.
You hit the plant.
The giant cockroach bites you but does no damage.
The worm misses you.
The giant cockroach bites you but does no damage.
You hit the worm. You hit the plant but do no damage.
You barely miss the giant cockroach. The giant cockroach closely misses you.
The worm bites you!
* * * LOW HITPOINT WARNING * * *
You take 7 damage, and have 12/40 hp.
You hit the worm.
You kill the worm!
You closely miss the giant cockroach. You hit the plant but do no damage.
The giant cockroach bites you but does no damage.
The giant cockroach bites you.
* * * LOW HITPOINT WARNING * * *
You see here a worm corpse.
You take 2 damage, and have 10/41 hp.
You hit the giant cockroach.
You kill the giant cockroach!
A giant cockroach comes into view.
The adder bites you.
* * * LOW HITPOINT WARNING * * *
You see here a giant cockroach corpse.
You take 2 damage, and have 8/41 hp.
You hit the adder. You hit the plant but do no damage. The adder bites you.
* * * LOW HITPOINT WARNING * * *
You are lethally poisoned!
The adder poisons you! The adder closely misses you.
You take 4 damage, and have 4/41 hp.
You miss the adder. You hit the plant but do no damage.
* * * LOW HITPOINT WARNING * * *
You feel sick. The adder bites you.
You die...

.#.# ...# #. ## #. .#.#
###.##.. P. ##.# ......♣
♣P♣ .....# #...P♣ .PP.
#....# #...P♣♣.P . .....#
#....♣.. ## #.#..#
#....S♣♣
#.#..###..#P@†♣P♣.#
#####.#..............#
...##.##.###..###........
##>##.##.###..##########.
.........##.#.......
##............######
......######### #######


You could see an adder.

Vanquished Creatures
  An adder (D:3)
  An ooze (D:2)
  A dart slug (D:1)
  3 worms
  2 leopard geckos (D:3)
  3 orcs
  A ball python (D:1)
  A bat (D:3)
  7 giant cockroaches
  3 goblins
  6 hobgoblins
  8 jackals (D:2)
  A kobold (D:2)
  A quokka (D:2)
  2 frilled lizards
  5 rats
46 creatures vanquished.

Notes
Turn   | Place    | Note
-------+----------+-------------------------------------------
     0 | D:1      | Firecrotchwizard the Hill Orc Monk began the quest for the
                  | Orb.
     0 | D:1      | Reached XP level 1. HP: 19/19 MP: 1/1
   322 | D:1      | Reached XP level 2. HP: 18/27 MP: 2/2
   888 | D:1      | Reached skill level 1 in Armour
  1208 | D:2      | Reached skill level 4 in Fighting
  1213 | D:2      | Reached XP level 3. HP: 17/33 MP: 3/3
  1423 | D:2      | Reached skill level 5 in Axes
  1850 | D:3      | HP: 4/33 [worm (6)]
  2315 | D:3      | Reached XP level 4. HP: 37/40 MP: 4/4
  2816 | D:3      | HP: 10/41 [giant cockroach (2)]
  2819 | D:3      | HP: 4/41 [adder (5)]
  2820 | D:3      | Slain by an adder

Skill      XL: |  1  2  3 |
---------------+----------+-----
Armour         | 1 |  1.9
Fighting       | 4 |  4.3
Axes           | 5 |  5.5
Dodging        | |  2.4
Stealth        | |  1.5

Action                   |  1- 3 |  4- 6 || total
-------------------------+-------+-------++-------
Melee: Hand axe          |   154 |    66 ||   220
  Use: Scroll            |     1 |       ||     1
 Stab: Sleeping          |     3 |     1 ||     4
  Eat: Chunk             |     4 |     2 ||     6
Armor: Robe              |    24 |       ||    24
       Leather armour    |       |    15 ||    15
Dodge: Dodged            |    82 |    36 ||   118

Levels and vault maps discovered:
D:1:      ebering_trefoil_twist, layout_basic, hangedman_abyss_or_decor_stabs
D:2:      layout_basic, first_ration
D:3:      layout_loops_ring, overflow_temple_1_default, serial_forest,
          infiniplex_forest_pool, infiniplex_forest_clump_cross,
          infiniplex_forest_clump_long, infiniplex_forest_straight_1,
          infiniplex_forest_clump_tiny, infiniplex_forest_clump_C,
          infiniplex_forest_clump_large, infiniplex_forest_lined_2, st_stairs_9,
          glass_columns_a, minmay_misc_feat_iff

Table legend:
 A = Turns spent in this place as a percentage of turns spent in the entire game.
 B = Non-inter-level travel turns spent in this place as a percentage of non-inter-level travel turns spent in the entire game.
 C = Inter-level travel turns spent in this place as a percentage of turns spent in this place.
 D = Turns resting spent in this place as a percentage of non-inter-level travel turns spent in this place.
 E = Turns spent auto-exploring this place as a percentage of non-inter-level travel turns spent in this place.
 F = Non-inter-level travel turns spent in this place divided by the number of levels of this place that you've seen.
                   A       B       C       D       E      F
               +-------+-------+-------+-------+-------+----------------------
         Total | 100.0 | 100.0 |   4.2 |  42.3 |  40.1 | 900.3
       Dungeon | 100.0 | 100.0 |   4.2 |  42.3 |  40.1 | 900.3
               +-------+-------+-------+-------+-------+----------------------

Table legend:
 A = Kills in this place as a percentage of kills in entire the game.
 B = Kills by you in this place as a percentage of kills by you in the entire game.
 C = Kills by friends in this place as a percentage of kills by friends in the entire game.
 D = Other kills in this place as a percentage of other kills in the entire game.
 E = Experience gained in this place as a percentage of experience gained in the entire game.
 F = Experience gained in this place divided by the number of levels of this place that you have seen.
                   A       B       C       D       E      F
               +-------+-------+-------+-------+-------+----------------------
         Total | 100.0 | 100.0 |   N/A |   N/A | 100.0 |  38.7
       Dungeon | 100.0 | 100.0 |   N/A |   N/A | 100.0 |  38.7
               +-------+-------+-------+-------+-------+----------------------
